 Dungeon Crawl Stone Soup version 0.21.0-25-ge575cb9 (webtiles) character file.

91 Moloch the Skirmisher (level 4, 0/36 HPs)
             Began as a Mummy Fighter on Jan 23, 2018.
             Slain by an orc wizard
             ... wielding a +0 dagger
              (1 damage)
             ... on level 3 of the Dungeon.
             The game lasted 00:02:32 (1522 turns).

Moloch the Skirmisher (Mummy Fighter)               Turns: 1522, Time: 00:02:33

Health: 0/36       AC:  7    Str: 19    XL:     4   Next: 33%
Magic:  4/4        EV:  7    Int:  7    God:
Gold:   47         SH:  8    Dex: 12    Spells: 3/3 levels left

rFire    x . .     SeeInvis .   a - +0 long sword
rCold    + . .     Gourm    .   c - +0 shield
rNeg     + + +     Faith    .   b - +0 scale mail
rPois    ∞         Spirit   .   h - +0 helmet
rElec    .         Reflect  .   (no cloak)
rCorr    .         Harm     .   (no gloves)
MR       .....                  (no boots)
Stlth    ..........             (no amulet)
HPRegen  0.12/turn              (no ring)
MPRegen  0.09/turn              (no ring)

@: no status effects
A: no food or potions, fire vulnerability, cold resistance 1, negative energy
resistance 3, torment resistance, unbreathing
a: no special abilities


You were on level 3 of the Dungeon.
You were not hungry.

You visited 1 branch of the dungeon, and saw 3 of its levels.

You collected 47 gold pieces.

Inventory:

Hand Weapons
 a - a +0 long sword (weapon)
Armour
 b - a +0 scale mail (worn)
 c - a +0 shield (worn)
 h - a +0 helmet (worn)
Scrolls
 d - a scroll of teleportation {unknown}
 e - a scroll of blinking {unknown}
 f - a scroll of fear {unknown}
 g - a scroll of immolation {unknown}
 i - a scroll of amnesia {unknown}
 j - 3 scrolls of identify {unknown}
 k - a scroll of fog {unknown}


   Skills:
 + Level 3.6 Fighting
 * Level 3.4 Long Blades
 - Level 2.4 Armour
 - Level 2.4 Shields


You had 3 spell levels left.
You didn't know any spells.

Dungeon Overview and Level Annotations

Branches:
Dungeon (3/15)

Altars:
Makhleb

Annotations:
D:2 Sigmund


Innate Abilities, Weirdness & Mutations

You do not eat or drink.
Your flesh is vulnerable to fire.
You are immune to poison.
Your flesh is cold resistant. (rC+)
You are immune to negative energy. (rN+++)
You are immune to unholy pain and torment.
You can survive without breathing.


Message History

You block something's attack.
The orc wizard hits you but does no damage.
Something hits you.
* * * LOW HITPOINT WARNING * * *
The orc wizard barely misses you.
Your shield and scale mail prevent you from hitting the orc wizard.
The orc wizard points at you and mumbles some strange words.
The magic dart hits you! Something hits you but does no damage.
The orc wizard hits you but does no damage.
Something hits you but does no damage. You block the orc wizard's attack.
You hit something but do no damage.
You feel yourself speed up.
The orc wizard is no longer moving quickly.
The orc wizard gestures wildly while chanting.
The orc wizard blinks!
Something hits you but does no damage.
The orc wizard points at you and mumbles some strange words.
The magic dart hits you!
* * * LOW HITPOINT WARNING * * *
Something hits you.
You die...

....##...(......#
#........###(...#
#....{...####)###
....##.#..###.##
#.....#...)..## #
####..######..### ## #.
###...# #....####
...#.##..o#o######.......#
...............§@{o......#
.##..#..####.#####)......#
##....## #.#####.#######
#...#..# #o#.........<#
.....###.###K...........#
##... #....g...........#
#....#####.o............#
.........§..#.........###
###.#...o...##........#


You could see an orc priest (wandering), an orc wizard and an orc.

Vanquished Creatures
  An orc wizard (D:3)
  An adder (D:3)
  A shadow imp (D:2)
  An adder skeleton (D:3)
  3 dart slugs (D:1)
  A leopard gecko (D:1)
  3 giant cockroaches
  2 goblins
  6 hobgoblins
  5 jackals
  8 kobolds
  A ball python (D:2)
  6 bats
  2 frilled lizards
  3 rats
44 creatures vanquished.

Notes
Turn   | Place    | Note
-------+----------+-------------------------------------------
     0 | D:1      | Moloch the Mummy Fighter began the quest for the Orb.
     0 | D:1      | Reached XP level 1. HP: 18/18 MP: 1/1
   123 | D:1      | Reached XP level 2. HP: 24/24 MP: 2/2
   762 | D:1      | Reached XP level 3. HP: 17/29 MP: 3/3
   911 | D:2      | Found a burning altar of Makhleb.
   997 | D:2      | Noticed Sigmund
  1270 | D:3      | Reached XP level 4. HP: 16/35 MP: 4/4
  1522 | D:3      | HP: 1/36 [orc wizard/magic dart (8)]
  1522 | D:3      | Slain by an orc wizard

Skill      XL: |  1  2  3 |
---------------+----------+-----
Long Blades    | 2 3 |  3.4
Fighting       | |  3.6
Armour         | |  2.4
Shields        | |  2.4

Action                   |  1- 3 |  4- 6 || total
-------------------------+-------+-------++-------
Melee: Long sword        |   144 |    34 ||   178
Armor: Scale mail        |   108 |    36 ||   144
Dodge: Dodged            |    66 |    10 ||    76
Block: Shield            |    96 |    31 ||   127
       Rpst.: Long sword |    17 |     1 ||    18
